ITL
CHATTANOOGA CHINPOKOMON @ AMARILLO ARCHDUKES
08/15/2028
 
TOP OF THE 1ST
Chattanooga Chinpokomon batting - Pitching for Amarillo Archdukes : RHP Orlando Trinidad
Pitching: RHP Orlando Trinidad
Batting: LHB Mario Cornelo 0-0: Ball
1-0: Ball
2-0: Fly out, F4 (Popup, 4M)
Batting: RHB Ichizo Akiyama 0-0: Ball
1-0: Foul Ball, location: 2F
1-1: Foul Ball, location: 2F
1-2: Ball
2-2: Ball
3-2: Strikes out looking
Batting: RHB Pat Fernández 0-0: Ball
1-0: Ball
2-0: Ball
3-0: Base on Balls
Batting: RHB Casey Fox 0-0: Ground out 4-3 (Groundball, 4)
Top of the 1st over - 0 run(s), 0 hit(s), 0 error(s), 1 left on base; Chattanooga 0 - Amarillo 0
BOTTOM OF THE 1ST
Amarillo Archdukes batting - Pitching for Chattanooga Chinpokomon : LHP Ed Stevens
Pitching: LHP Ed Stevens
Batting: SHB Álex Hernández 0-0: Ball
1-0: Foul Ball, location: 2F
1-1: Fly out, F7 (Line Drive, 78M)
Batting: RHB Herb Bunch 0-0: Ball
1-0: Foul Ball, location: 2F
1-1: SOLO HOME RUN (Flyball, 9LD), Distance : 322 ft
Batting: LHB Michael Cook 0-0: Foul Ball, location: 2F
0-1: Called Strike
0-2: Ball
1-2: Foul Ball, location: 2F
1-2: Foul Ball, location: 2F
1-2: Ball
2-2: SOLO HOME RUN (Flyball, 89XD), Distance : 369 ft
Batting: RHB Nobuharu Hoshino 0-0: Ball
1-0: Ground out 6-3 (Groundball, 6)
Batting: LHB John Frost 0-0: Ball
1-0: Ball
2-0: Foul Ball, location: 2F
2-1: Ground out 4-3 (Groundball, 34)
Bottom of the 1st over - 2 run(s), 2 hit(s), 0 error(s), 0 left on base; Chattanooga 0 - Amarillo 2
TOP OF THE 2ND
Chattanooga Chinpokomon batting - Pitching for Amarillo Archdukes : RHP Orlando Trinidad
Batting: RHB Ramiro Chávez 0-0: Called Strike
0-1: Ball
1-1: Ball
2-1: Swinging Strike
2-2: Strikes out looking
Batting: RHB Jim Beck 0-0: Foul Ball, location: 2F
0-1: Called Strike
0-2: Strikes out looking
Batting: RHB Armando Cuevas 0-0: Ball
1-0: Swinging Strike
1-1: Swinging Strike
1-2: Ball
2-2: Ball
3-2: Foul Ball, location: 2F
3-2: Base on Balls
Batting: RHB Felipe Rego 0-0: Called Strike
0-1: Called Strike
0-2: Strikes out swinging
Top of the 2nd over - 0 run(s), 0 hit(s), 0 error(s), 1 left on base; Chattanooga 0 - Amarillo 2
BOTTOM OF THE 2ND
Amarillo Archdukes batting - Pitching for Chattanooga Chinpokomon : LHP Ed Stevens
Batting: LHB Edwin Ryan 0-0: Reached via error on a dropped throw, E3
Batting: RHB Norm Francis 0-0: Called Strike
0-1: Swinging Strike
0-2: Strikes out swinging
Batting: RHB Esteban Lara 0-0: SINGLE (Flyball, 8RS)
Edwin Ryan to second
Batting: RHB Rich Henley 0-0: Called Strike
0-1: Swinging Strike
0-2: Strikes out swinging
Batting: SHB Álex Hernández 0-0: Foul Ball, location: 2F
0-1: Fly out, F9 (Flyball, 9)
Bottom of the 2nd over - 0 run(s), 1 hit(s), 1 error(s), 2 left on base; Chattanooga 0 - Amarillo 2
TOP OF THE 3RD
Chattanooga Chinpokomon batting - Pitching for Amarillo Archdukes : RHP Orlando Trinidad
Batting: LHB Martin Davis 0-0: Foul Ball, location: 2F
0-1: Ball
1-1: Bunted foul
1-2: Ball
2-2: Strikes out swinging
Batting: LHB Mario Cornelo 0-0: Fly out, F9 (Flyball, 89S)
Batting: RHB Ichizo Akiyama 0-0: Called Strike
0-1: Ball
1-1: Ball
2-1: Called Strike
2-2: Fly out, F8 (Flyball, 8RD)
Top of the 3rd over - 0 run(s), 0 hit(s), 0 error(s), 0 left on base; Chattanooga 0 - Amarillo 2
BOTTOM OF THE 3RD
Amarillo Archdukes batting - Pitching for Chattanooga Chinpokomon : LHP Ed Stevens
Batting: RHB Herb Bunch 0-0: Ball
1-0: Called Strike
1-1: Called Strike
1-2: Ball
2-2: Strikes out swinging
Batting: LHB Michael Cook 0-0: Ball
1-0: Called Strike
1-1: Foul Ball, location: 2F
1-2: Fly out, F9 (Flyball, 9)
Batting: RHB Nobuharu Hoshino 0-0: Called Strike
0-1: Foul Ball, location: 2F
0-2: Ball
1-2: Ball
2-2: Strikes out looking
Bottom of the 3rd over - 0 run(s), 0 hit(s), 0 error(s), 0 left on base; Chattanooga 0 - Amarillo 2
TOP OF THE 4TH
Chattanooga Chinpokomon batting - Pitching for Amarillo Archdukes : RHP Orlando Trinidad
Batting: RHB Pat Fernández 0-0: Called Strike
0-1: Ball
1-1: Swinging Strike
1-2: Strikes out swinging
Batting: RHB Casey Fox 0-0: Ball
1-0: Ball
2-0: Foul Ball, location: 2F
2-1: Ball
3-1: Foul Ball, location: 2F
3-2: Base on Balls
Batting: RHB Ramiro Chávez 0-0: Ball
1-0: SINGLE (Line Drive, 4)
Casey Fox to second
Batting: RHB Jim Beck 0-0: Ball
1-0: Called Strike
1-1: DOUBLE (Groundball, 5L)
Casey Fox scores
Ramiro Chávez to third
Batting: RHB Armando Cuevas 0-0: Foul Ball, location: 2F
0-1: Ball
1-1: Ball
2-1: Ball
3-1: Foul Ball, location: 2F
3-2: Base on Balls
Batting: RHB Felipe Rego 0-0: Ball
1-0: Foul Ball, location: 2F
1-1: Called Strike
1-2: Ball
2-2: SINGLE (Line Drive, 78S)
Ramiro Chávez scores
Jim Beck to third
Armando Cuevas to second
Runner from 3rd tries for Home, SAFE, no throw
Batting: LHB Martin Davis 0-0: Called Strike
0-1: Ball
1-1: Ball
2-1: Called Strike
2-2: Strikes out swinging
Batting: LHB Mario Cornelo 0-0: Ball
1-0: Ball
2-0: Ball
3-0: Called Strike
3-1: Base on Balls
Armando Cuevas to third
Felipe Rego to second
Batting: RHB Ichizo Akiyama 0-0: Ball
1-0: Ball
2-0: Ball
3-0: Base on Balls
Armando Cuevas scores
Felipe Rego to third
Mario Cornelo to second
Batting: RHB Pat Fernández 0-0: Swinging Strike
0-1: Foul Ball, location: 2F
0-2: Foul Ball, location: 2F
0-2: Strikes out swinging
Top of the 4th over - 4 run(s), 3 hit(s), 0 error(s), 3 left on base; Chattanooga 4 - Amarillo 2
BOTTOM OF THE 4TH
Amarillo Archdukes batting - Pitching for Chattanooga Chinpokomon : LHP Ed Stevens
Batting: LHB John Frost 0-0: Called Strike
0-1: Ball
1-1: Ball
2-1: Swinging Strike
2-2: Foul Ball, location: 2F
2-2: Strikes out swinging
Batting: LHB Edwin Ryan 0-0: Ball
1-0: Called Strike
1-1: Swinging Strike
1-2: Strikes out swinging
Batting: RHB Norm Francis 0-0: Called Strike
0-1: Ball
1-1: Reached on error, E3 (Popup, 3L)
Batting: RHB Esteban Lara 0-0: Ball
1-0: Fly out, F8 (Flyball, 8LD)
Bottom of the 4th over - 0 run(s), 0 hit(s), 1 error(s), 1 left on base; Chattanooga 4 - Amarillo 2
TOP OF THE 5TH
Chattanooga Chinpokomon batting - Pitching for Amarillo Archdukes : RHP Orlando Trinidad
Pitching: RHP José Abacil
Batting: RHB Casey Fox 0-0: Ball
1-0: Ground out 6-3 (Groundball, 6)
Batting: RHB Ramiro Chávez 0-0: Ball
1-0: Foul Ball, location: 2F
1-1: Ball
2-1: Called Strike
2-2: Ball
3-2: Base on Balls
Batting: RHB Jim Beck 0-0: Called Strike
0-1: Foul Ball, location: 2F
0-2: Ball
1-2: Strikes out swinging
Batting: RHB Armando Cuevas 0-0: Called Strike
0-1: Called Strike
0-2: Strikes out swinging
Top of the 5th over - 0 run(s), 0 hit(s), 0 error(s), 1 left on base; Chattanooga 4 - Amarillo 2
BOTTOM OF THE 5TH
Amarillo Archdukes batting - Pitching for Chattanooga Chinpokomon : LHP Ed Stevens
Batting: RHB Rich Henley 0-0: Ground out 6-3 (Groundball, 56)
Batting: SHB Álex Hernández 0-0: Called Strike
0-1: Ball
1-1: Foul Ball, location: 2F
1-2: Foul Ball, location: 2F
1-2: DOUBLE (Line Drive, 89M)
Batting: RHB Herb Bunch 0-0: Foul Ball, location: 2F
0-1: Fly out, F2 (Popup, 2L)
Batting: LHB Michael Cook 0-0: Swinging Strike
0-1: Swinging Strike
0-2: Ball
1-2: Foul Ball, location: 2F
1-2: Foul Ball, location: 2F
1-2: Strikes out swinging
Bottom of the 5th over - 0 run(s), 1 hit(s), 0 error(s), 1 left on base; Chattanooga 4 - Amarillo 2
TOP OF THE 6TH
Chattanooga Chinpokomon batting - Pitching for Amarillo Archdukes : RHP José Abacil
Batting: RHB Felipe Rego 0-0: Called Strike
0-1: Foul Ball, location: 2F
0-2: Foul Ball, location: 2F
0-2: Ball
1-2: Ball
2-2: SINGLE (Flyball, 7S)
Batting: LHB Martin Davis 0-0: Ball
1-0: Foul Ball, location: 2F
1-1: Ball
2-1: Swinging Strike
2-2: Strikes out swinging
Batting: LHB Mario Cornelo 0-0: Called Strike
0-1: Fielders Choice at 2nd, 4-6 (Groundball, 4)
Batting: RHB Ichizo Akiyama 0-0: Ball
1-0: Called Strike
1-1: Ball
2-1: Foul Ball, location: 2F
2-2: Strikes out swinging
Top of the 6th over - 0 run(s), 1 hit(s), 0 error(s), 1 left on base; Chattanooga 4 - Amarillo 2
BOTTOM OF THE 6TH
Amarillo Archdukes batting - Pitching for Chattanooga Chinpokomon : LHP Ed Stevens
Batting: RHB Nobuharu Hoshino 0-0: SINGLE (Flyball, 9S)
Batting: LHB John Frost 0-0: Ball
1-0: Ball
2-0: Swinging Strike
2-1: Called Strike
2-2: Ball
3-2: Grounds into double play, 5-4-3 (Groundball, 56)
Batting: LHB Edwin Ryan 0-0: Called Strike
0-1: Swinging Strike
0-2: Strikes out swinging
Bottom of the 6th over - 0 run(s), 1 hit(s), 0 error(s), 0 left on base; Chattanooga 4 - Amarillo 2
TOP OF THE 7TH
Chattanooga Chinpokomon batting - Pitching for Amarillo Archdukes : RHP José Abacil
Batting: RHB Pat Fernández 0-0: Called Strike
0-1: Ball
1-1: Swinging Strike
1-2: Ball
2-2: Ball
3-2: Strikes out swinging
Batting: RHB Casey Fox 0-0: Ball
1-0: Reached on error, E6 (Popup, 6D)
Batting: RHB Ramiro Chávez 0-0: Ball
1-0: Foul Ball, location: 2F
1-1: Grounds into double play, 6-4-3 (Groundball, 6)
Top of the 7th over - 0 run(s), 0 hit(s), 1 error(s), 0 left on base; Chattanooga 4 - Amarillo 2
BOTTOM OF THE 7TH
Amarillo Archdukes batting - Pitching for Chattanooga Chinpokomon : LHP Ed Stevens
Batting: RHB Norm Francis 0-0: Ball
1-0: Foul Ball, location: 2F
1-1: DOUBLE (Line Drive, 78XD)
Batting: RHB Esteban Lara 0-0: Ground out 6-3 (Groundball, 6)
Norm Francis to third
Batting: RHB Rich Henley 0-0: Called Strike
0-1: Ball
1-1: Called Strike
1-2: Ball
2-2: Ground out 6-3 (Groundball, 6)
Norm Francis scores
Batting: SHB Álex Hernández 0-0: Ball
1-0: Ball
2-0: Ball
3-0: Foul Ball, location: 2F
3-1: SINGLE (Groundball, 6) (infield hit)
Pinch Hitting: RHB Seiji Kouno 0-0: Called Strike
Álex Hernández steals 2nd base
0-1: Ground out 4-3 (Groundball, 4)
Bottom of the 7th over - 1 run(s), 2 hit(s), 0 error(s), 1 left on base; Chattanooga 4 - Amarillo 3
TOP OF THE 8TH
Chattanooga Chinpokomon batting - Pitching for Amarillo Archdukes : RHP José Abacil
Now at SS: Jeff Chambers
Batting: RHB Jim Beck 0-0: Ball
1-0: Foul Ball, location: 2F
1-1: Ground out 1-3 (Groundball, P)
Batting: RHB Armando Cuevas 0-0: Foul Ball, location: 2F
0-1: Ball
1-1: Foul Ball, location: 2F
1-2: Ball
2-2: Foul Ball, location: 2F
2-2: Foul Ball, location: 2F
2-2: Strikes out swinging
Pitching: RHP Brian Hull
Batting: RHB Felipe Rego 0-0: Called Strike
0-1: Swinging Strike
0-2: Strikes out looking
Top of the 8th over - 0 run(s), 0 hit(s), 0 error(s), 0 left on base; Chattanooga 4 - Amarillo 3
BOTTOM OF THE 8TH
Amarillo Archdukes batting - Pitching for Chattanooga Chinpokomon : LHP Ed Stevens
Pitching: RHP Ricardo Quińones
Batting: LHB Michael Cook 0-0: Swinging Strike
0-1: Ball
1-1: Ball
2-1: Swinging Strike
2-2: Foul Ball, location: 2F
2-2: Fly out, F4 (Popup, 4D)
Batting: RHB Nobuharu Hoshino 0-0: Ball
1-0: Foul Ball, location: 2F
1-1: Swinging Strike
1-2: Ball
2-2: Foul Ball, location: 2F
2-2: SINGLE (Flyball, 78M)
Pitching: LHP Jeff Hardin
Pinch Hitting: RHB Paul Ladd 0-0: Ball
1-0: Called Strike
1-1: Ball
2-1: Foul Ball, location: 2F
2-2: Ball
3-2: Base on Balls
Nobuharu Hoshino to second
Pitching: LHP Israel Polanco
Pinch Hitting: LHB Howard Lambert 0-0: Called Strike
0-1: Called Strike
0-2: Foul Ball, location: 2F
0-2: Foul Ball, location: 2F
0-2: Ball
1-2: Strikes out looking
Pitching: LHP Henry Barton
Batting: RHB Norm Francis 0-0: SINGLE (Line Drive, 6MD)
Nobuharu Hoshino to third
Paul Ladd to second
Runner from 3rd tries for Home, SAFE, no throw
Batting: RHB Esteban Lara 0-0: Ball
1-0: Ball
2-0: Ball
3-0: Called Strike
3-1: Fly out, F9 (Flyball, 9LSF)
Bottom of the 8th over - 1 run(s), 2 hit(s), 0 error(s), 2 left on base; Chattanooga 4 - Amarillo 4
TOP OF THE 9TH
Chattanooga Chinpokomon batting - Pitching for Amarillo Archdukes : RHP Brian Hull
Pitching: LHP Rob Lucas
Now in LF: Jorge Espinosa
Now in RF: Howard Lambert
Pinch Hitting: RHB Jesús Tisnado 0-0: Called Strike
0-1: Called Strike
0-2: Foul Ball, location: 2F
0-2: Ball
1-2: Ball
2-2: SINGLE (Line Drive, 56)
Pinch Runner at 1st Donald White:
Pinch Hitting: RHB Pablo Morán 0-0: Ball
1-0: Sac Bunt - play at first, batter OUT! 1-4
Donald White to second
Batting: RHB Ichizo Akiyama 0-0: Called Strike
0-1: Ball
1-1: SINGLE (Groundball, 56D)
Donald White to third
Runner from 3rd tries for Home, SAFE, no throw
Batting: RHB Pat Fernández 0-0: Ball
1-0: SINGLE (Flyball, 9LS)
Ichizo Akiyama to second
Runner from 2nd tries for 3rd, SAFE, no throw
Batting: RHB Casey Fox 0-0: Ball
1-0: Ball
2-0: SINGLE (Groundball, 3D)
Ichizo Akiyama scores
Pat Fernández to second
Pitching: RHP Frederick Kern
Batting: RHB Ramiro Chávez 0-0: Ball
1-0: Ball
2-0: Ground out 5-3 (Groundball, 56S)
Pat Fernández to third
Casey Fox to second
Batting: RHB Jim Beck 0-0: Foul Ball, location: 2F
0-1: Ball
1-1: Fly out, F9 (Flyball, 9S)
Top of the 9th over - 2 run(s), 4 hit(s), 0 error(s), 2 left on base; Chattanooga 6 - Amarillo 4
BOTTOM OF THE 9TH
Amarillo Archdukes batting - Pitching for Chattanooga Chinpokomon : LHP Henry Barton
Pitching: LHP Bob Quested
Now at SS: Pablo Morán
Now in CF: Donald White
Batting: RHB Rich Henley 0-0: Called Strike
0-1: Swinging Strike
0-2: Foul Ball, location: 2F
0-2: Ball
1-2: Strikes out swinging
Batting: SHB Álex Hernández 0-0: Called Strike
0-1: Ball
1-1: Ball
2-1: Ball
3-1: Base on Balls
Batting: SHB Jeff Chambers 0-0: Ball
1-0: Ball
2-0: Grounds into double play, 1-6-3 (Groundball, 13)
Bottom of the 9th over - 0 run(s), 0 hit(s), 0 error(s), 0 left on base; Chattanooga 6 - Amarillo 4
Tuesday, August 8th, 2017 - OOTP Baseball 17.12 Build 75